 Dungeon Crawl Stone Soup version 0.27-a0-531-gb72ec1a1b6 (webtiles) character file.

Game seed: 4758729842276822383

7316 porpoise the Basher (level 11, -18/71 HPs)
             Began as a Gargoyle Wanderer on Mar 6, 2021.
             Was a Priest of the Shining One.
             Demolished by a phantasmal warrior (19 damage)
             ... led by a death knight
             ... on level 9 of the Dungeon.
             The game lasted 00:38:54 (11662 turns).

porpoise the Basher (Gargoyle Wanderer)            Turns: 11662, Time: 00:38:55

Health: -18/71     AC: 29    Str: 20    XL:     11   Next: 13%
Magic:  16/16      EV:  9    Int: 17    God:    the Shining One [***...]
Gold:   411        SH:  9    Dex: 10    Spells: 10/10 levels left

rFire    . . .     SeeInvis .   a - +0 flail
rCold    . . .     Faith    .   B - +0 buckler
rNeg     + + .     Spirit   .   z - +0 chain mail
rPois    ∞         Reflect  +   o - +1 hat
rElec    +         Harm     .   s - +2 cloak {Will+}
rCorr    .         Rampage  .   v - +0 pair of gloves
Will     +....                  H - +1 pair of boots {Fly}
Stlth    ..........             n - amulet of reflection
HPRegen  0.21/turn              q - +4 ring of protection
MPRegen  0.15/turn              G - +6 ring of intelligence

@: flying, glowing
A: negative energy resistance 1, electricity resistance, unbreathing 1,
petrification resistance, miasma immunity, AC +8
a: Stop Flying, Renounce Religion, Divine Shield


You were on level 9 of the Dungeon.
You worshipped the Shining One.
The Shining One was most pleased with you.
You visited 1 branch of the dungeon, and saw 10 of its levels.

You collected 567 gold pieces.
You spent 156 gold pieces at shops.

Inventory:

Hand Weapons
 a - a +0 flail (weapon)
 b - a +1 hunting sling
Missiles
 d - 322 stones
 f - 113 sling bullets
 r - 12 boomerangs of dispersal
 u - a throwing net
 y - 20 boomerangs (quivered)
 A - 14 poisoned darts
 E - 66 bolts
 I - 8 curare-tipped darts
Armour
 o - a +1 hat (worn)
 s - a +2 cloak of willpower (worn)
 v - a +0 pair of gloves (worn)
 z - a +0 chain mail (worn)
 B - a +0 buckler (worn)
 H - a +1 pair of boots of flying (worn)
Magical Staves
 N - a staff of cold
Jewellery
 i - an amulet of regeneration
 n - an amulet of reflection (around neck)
 q - a +4 ring of protection (left hand)
 G - a +6 ring of intelligence (right hand)
 O - an amulet of the acrobat
Wands
 j - a wand of polymorph (21)
 P - a wand of iceblast (13)
Scrolls
 c - 3 scrolls of amnesia
 g - 2 scrolls of teleportation
 k - 2 scrolls of fear
 m - a scroll of enchant weapon
 x - a scroll of fog
 D - a scroll of holy word {unknown}
 F - a scroll of silence {unknown}
 K - a scroll of enchant armour {unknown}
 M - a scroll of magic mapping
 Q - a scroll of blinking {unknown}
Potions
 l - 3 potions of brilliance
 p - 3 potions of cancellation
 t - 2 potions of mutation
 w - 4 potions of curing
 C - a potion of lignification
 J - a potion of resistance
 L - a potion of attraction {unknown}
Miscellaneous
 e - a phial of floods


   Skills:
 - Level 9.0 Fighting
 + Level 10.2 Maces & Flails
 - Level 2.0 Crossbows
 - Level 5.0 Armour
 - Level 5.0 Dodging
 - Level 1.1 Stealth
 - Level 4.0 Shields
 - Level 7.0 Invocations
 + Level 3.1 Evocations


You had 10 spell levels left.
You didn't know any spells.
Your spell library contained the following spells:

 Spells                   Type           Power      Damage    Failure   Level
 Magic Dart               Conj           0%         1d3       91%         1
 Searing Ray              Conj           0%         3d3       97%         2
 Dazzling Flash           Conj/Hex       0%         N/A       100%        3
 Fulminant Prism          Conj/Hex       0%         3d6       100%        4
 Iskenderun's Mystic Bla  Conj/Tloc      0%         2d3       100%        4
 Bolt of Magma            Conj/Fire/Erth 0%         4d4       100%        5
 Iskenderun's Battlesphe  Conj           0%         2d6       100%        5
 Iron Shot                Conj/Erth      0%         9d1       100%        6
 Haunt                    Necr/Summ      0%         N/A       100%        7
 Malign Gateway           Summ/Tloc      0%         N/A       100%        7
 Monstrous Menagerie      Summ           0%         N/A       100%        7
 Orb of Destruction       Conj           0%         N/A       100%        7
 Spellforged Servitor     Conj/Summ      0%         N/A       100%        7
 Summon Horrible Things   Summ           0%         N/A       100%        8


Dungeon Overview and Level Annotations

Branches:
Dungeon (10/15)            Temple (0/1) D:4            Lair (0/6) D:9
    Orc: D:9-12

Altars:
Ashenzari
Elyvilon
Fedhas
Kikubaaqudgha
Okawaru
Qazlal
Ru
Sif Muna
Trog
Vehumet
Wu Jian
Yredelemnul
The Shining One

Shops:
D:5 *   D:8 (

Annotations:
D:8 exclusion: orange crystal statue


Innate Abilities, Weirdness & Mutations

You are resistant to torment.
Your stone body is resilient. (AC +8)
You are immune to poison.
You resist negative energy. (rN+)
You are resistant to electric shocks. (rElec)
You can survive without breathing.
You are immune to petrification.
You are immune to miasma.


Message History

The phantasmal warrior blinks!
You barely miss the freezing wraith.
The freezing wraith is moderately damaged.
The freezing wraith hits you but does no damage.
The freezing wraith completely misses you.
b - a +1 hunting sling (weapon)
The freezing wraith closely misses you. You block the freezing wraith's attack.
You shoot a sling bullet.
The sling bullet hits the freezing wraith.
The freezing wraith is moderately damaged.
You block the freezing wraith's attack. The freezing wraith barely misses you.
The phantasmal warrior blinks!
a - a +0 flail (weapon)
The freezing wraith hits you! The freezing wraith freezes you!!
You block the freezing wraith's attack.
You hit the freezing wraith.
The freezing wraith is heavily damaged.
You hit the freezing wraith but do no damage.
The freezing wraith is heavily damaged.
The freezing wraith hits you but does no damage. x2
The phantasmal warrior hits you but does no damage.
You hit the freezing wraith but do no damage.
The freezing wraith is heavily damaged.
The freezing wraith barely misses you. The freezing wraith hits you!
The phantasmal warrior barely misses you.
You barely miss the freezing wraith.
The freezing wraith is heavily damaged.
The freezing wraith hits you! The freezing wraith freezes you!
* * * LOW HITPOINT WARNING * * *
The freezing wraith hits you.
* * * LOW HITPOINT WARNING * * *
You block the phantasmal warrior's attack.
You hit the freezing wraith.
The freezing wraith is heavily damaged.
The freezing wraith hits you!
* * * LOW HITPOINT WARNING * * *
The freezing wraith freezes you! The Shining One protects you from harm!
You block the freezing wraith's attack. The phantasmal warrior hits you!!
You die...

#.# ##.###...................#
##.# ##......................##
##..###....#..........##.....##
##..##......####.##...###.#####
#..##..##...####.##...# #.#####
).###.###...W....>§...###.....#
......#...######.##...##......#
.........## #W##...........#
.....#.#.# #@##...###.##.##
.#.[.#...#######W##.).# #.##.#
.#................#...# #.##.#
......##.#####...##...# #.##.#
...........###.#.###### #.#..#
...............#.# #.#.##
#............###.# ###...###
........#.....##)# ##.......##
..........###..#.#
##.........##


You could see a phantasmal warrior and a freezing wraith.

Vanquished Creatures
  2 two-headed ogres
  A death knight (D:10)
  The ghost of dickylongcocking the Carver, a novice BaWr of Sif Muna (D:7)
  Pikel (D:7)
  A komodo dragon (D:9)
  A hornet (D:7)
  Prince Ribbit (D:9)
  A wraith (D:10)
  A water moccasin (D:7)
  2 orc warriors
  An ice beast (D:6)
  A sky beast (D:9)
  2 black bears (D:9)
  2 necrophages
  A tengu (D:9)
  3 ogres
  3 centaurs
  A lemure (D:7)
  5 bullfrogs
  A phantom (D:8)
  A water moccasin skeleton (D:10)
  6 scorpions
  5 wights (D:5)
  3 howler monkeys (D:9)
  A centaur zombie (D:8)
  4 hounds
  A jelly (D:7)
  2 orc priests (D:4)
  A bullfrog skeleton (D:6)
  A centaur skeleton (D:4)
  Terence (D:3)
  5 iguanas
  6 worker ants
  2 orc wizards
  A hound zombie (D:8)
  2 hound skeletons
  Robin (D:4)
  6 gnolls
  17 adders
  3 shadow imps
  A white imp (D:5)
  2 ufetubi
  2 oozes (D:2)
  2 worms
  3 dart slugs
  5 leopard geckos
  24 orcs
  8 giant cockroaches
  9 hobgoblins
  20 jackals
  9 kobolds
  7 quokkas
  A ball python (D:1)
  6 bats
  5 frilled lizards
  18 goblins
  A leopard gecko skeleton (D:7)
  9 rats
233 creatures vanquished.

Vanquished Creatures (others)
  97 plants
97 creatures vanquished.

Grand Total: 330 creatures vanquished

Notes
Turn   | Place    | Note
-------+----------+-------------------------------------------
     0 | D:1      | porpoise the Gargoyle Wanderer began the quest for the Orb.
     0 | D:1      | porpoise set off with the following items: a +0 hand axe, a
                  | phial of floods, a +0 mace, a +0 robe
     0 | D:1      | Reached XP level 1. HP: 14/14 MP: 1/1
   208 | D:1      | Reached XP level 2. HP: 15/19 MP: 2/2
   634 | D:1      | Found a glowing golden altar of the Shining One.
   811 | D:1      | Became a worshipper of the Shining One
  1410 | D:1      | Reached XP level 3. HP: 23/24 MP: 3/3
  1854 | D:2      | Reached skill level 3 in Maces & Flails
  1993 | D:2      | Reached XP level 4. HP: 27/30 MP: 4/4
  2116 | D:2      | Found a radiant altar of Vehumet.
  2311 | D:2      | Found a white marble altar of Elyvilon.
  2519 | D:2      | Reached XP level 5. HP: 32/34 MP: 5/5
  2789 | D:3      | Noticed Terence
  2789 | D:3      | Reached * piety under the Shining One
  2804 | D:3      | Killed Terence
  2805 | D:3      | Reached skill level 5 in Fighting
  2805 | D:3      | Reached skill level 4 in Maces & Flails
  3193 | D:3      | Found a sacrificial altar of Ru.
  3276 | D:3      | Found a bloodstained altar of Trog.
  3471 | D:3      | Found a broken altar of Ashenzari.
  3636 | D:4      | Noticed an ogre
  3659 | D:4      | Killed an ogre
  3660 | D:4      | Reached skill level 1 in Invocations
  3660 | D:4      | Reached XP level 6. HP: 9/40 MP: 5/7
  3931 | D:4      | Noticed Robin
  3939 | D:4      | Killed Robin
  4056 | D:4      | Reached skill level 5 in Maces & Flails
  4129 | D:4      | Reached XP level 7. HP: 5/44 MP: 8/8
  4563 | D:4      | Found a staircase to the Ecumenical Temple.
  5202 | D:5      | Entered Level 5 of the Dungeon
  5219 | D:5      | Reached skill level 6 in Maces & Flails
  5337 | D:5      | Found an ornate altar of the Wu Jian Council.
  5361 | D:5      | Found Fabrepa's Assorted Antiques.
  5366 | D:5      | Bought a scroll labelled ULYAMY NUTIBLU for 26 gold pieces
  5366 | D:5      | Bought a scroll of identify for 52 gold pieces
  5366 | D:5      | Bought a scroll labelled HOPILU REUBYX for 26 gold pieces
  5366 | D:5      | Bought a scroll labelled NOIT UFFOF for 26 gold pieces
  5366 | D:5      | Bought a scroll labelled NOIT UFFOF for 26 gold pieces
  5600 | D:5      | Reached ** piety under the Shining One
  5697 | D:5      | Reached XP level 8. HP: 44/49 MP: 10/10
  5821 | D:5      | Reached skill level 5 in Armour
  5845 | D:5      | Reached skill level 1 in Shields
  5910 | D:5      | Reached skill level 7 in Maces & Flails
  7028 | D:6      | Found an iron altar of Okawaru.
  7086 | D:6      | Found a blossoming altar of Fedhas.
  7247 | D:6      | Reached XP level 9. HP: 54/54 MP: 11/11
  7401 | D:6      | Reached skill level 8 in Maces & Flails
  7667 | D:7      | Found a shimmering blue altar of Sif Muna.
  7847 | D:7      | Identified the +3 leather armour "Nohotikeh" {rElec rC+
                  | Will-}
  7856 | D:7      | Reached skill level 1 in Dodging
  7968 | D:7      | Noticed dickylongcocking's ghost (novice BaWr)
  7968 | D:7      | Noticed a hornet
  7984 | D:7      | Found a transporter.
  7993 | D:7      | Found a transporter.
  8061 | D:7      | Killed a hornet
  8062 | D:7      | Reached skill level 9 in Maces & Flails
  8098 | D:7      | Killed dickylongcocking's ghost
  8295 | D:7      | Noticed Pikel
  8308 | D:7      | Killed Pikel
  8309 | D:7      | Reached XP level 10. HP: 54/63 MP: 12/12
  8574 | D:7      | Reached *** piety under the Shining One
  8987 | D:8      | Found Pedis's Weapon Emporium.
  8992 | D:8      | Reached skill level 5 in Dodging
  9005 | D:8      | Noticed a two-headed ogre
  9021 | D:8      | Killed a two-headed ogre
  9022 | D:8      | Reached skill level 5 in Invocations
  9222 | D:8      | Found an ancient bone altar of Kikubaaqudgha.
  9482 | D:8      | Noticed an orange crystal statue
 10119 | D:9      | Found a stormy altar of Qazlal.
 10280 | D:9      | Noticed a two-headed ogre
 10303 | D:9      | Killed a two-headed ogre
 10509 | D:9      | Noticed Maggie
 10514 | D:9      | Noticed Maggie
 10514 | D:9      | Maggie changed into Maggie the tengu
 10532 | D:9      | Killed Maggie the tengu
 10688 | D:9      | Noticed Prince Ribbit
 10764 | D:9      | Killed Prince Ribbit
 10765 | D:9      | Reached XP level 11. HP: 31/69 MP: 16/16
 11158 | D:9      | Found a staircase to the Lair.
 11295 | D:10     | Entered Level 10 of the Dungeon
 11295 | D:10     | Noticed a death knight
 11352 | D:10     | Killed a death knight
 11353 | D:10     | Reached skill level 10 in Maces & Flails
 11635 | D:10     | Noticed a phantasmal warrior
 11662 | D:9      | HP: 1/71 [freezing wraith[a death knight] (9)]
 11662 | D:9      | The Shining One protects you from harm!
 11662 | D:9      | Demolished by a phantasmal warrior

Illustrated notes

Levels and vault maps discovered:
D:1:      nicolae_arrival_memento_mori, layout_basic, tso_metal_star
D:2:      wad_woods_stonehenge, layout_basic, vehumet_crystals
D:3:      layout_basic, lemuel_doored_altar, general_overflow_altar,
          trog_hazing_becter, uniq_terence
D:4:      layout_loops_ring, minmay_temple_entry_glassed_door, uniq_robin
D:5:      minmay_razor_zed, layout_layer_cave, lemuel_round_altar, serial_shops,
          kennysheep_little_box
D:6:      layout_loops_ring, fedhas_altar_1, okawaru_metal_pillars_1_2
D:7:      layout_loops_corners, lemuel_crystal_altar, lemuel_round_altar,
          nzn_ghost_randoct, uniq_pikel
D:8:      layout_cave_pools, serial_shops, shop_fountains, basic_altar,
          disabler_island
D:9:      layout_rooms, grunt_qazlal_sundering, david_lair_shrubbed,
          uniq_prince_ribbit1, uniq_maggie
D:10:     layout_long_grid, david_orc_3, st_stairs_14

Skill      XL: |  1  2  3  4  5  6  7  8  9 10 11 |
---------------+----------------------------------+-----
Fighting       | 4 5 7 8 9 |  9.0
Maces & Flails | 3 4 5 6 7 9 10 | 10.2
Armour         | 2 4 5 |  5.0
Invocations    | 1 2 3 7 |  7.0
Shields        | 4 |  4.0
Evocations     | 3 |  3.1
Dodging        | 4 5 |  5.0
Crossbows      | |  2.0
Stealth        | |  1.1

Action                   |  1- 3 |  4- 6 |  7- 9 | 10-12 || total
-------------------------+-------+-------+-------+-------++-------
Melee: Mace              |   115 |    58 |       |       ||   173
       Flail             |       |    40 |   340 |   224 ||   604
 Fire: Hunting sling     |    24 |   122 |   155 |    95 ||   396
Evoke: Wand              |       |       |       |     3 ||     3
  Use: Scroll            |       |       |     8 |     7 ||    15
       Potion            |       |       |     3 |     2 ||     5
Armor: Robe              |    20 |       |       |       ||    20
       Plate armour      |    30 |    59 |       |       ||    89
       Ring mail         |       |     7 |    96 |       ||   103
       Scale mail        |       |       |    48 |    10 ||    58
       Chain mail        |       |       |       |    90 ||    90
Dodge: Dodged            |    60 |    28 |   113 |    66 ||   267
Block: Other             |     3 |    18 |     9 |       ||    30
       Reflection        |       |     1 |     3 |     4 ||     8
       Buckler           |       |       |    56 |    97 ||   153

Table legend: (Time is in decaauts)
 A = Elapsed time spent in this place.
 B = Non-inter-level travel time spent in this place.
 C = Inter-level travel time spent in this place.
 D = Time resting spent in this place.
 E = Time spent auto-exploring this place.
 F = Levels seen in this place.
 G = Mean time per level.
                   A        B        C        D        E       F      G
               +--------+--------+--------+--------+--------+-----+--------+
         Total |  11672 |  11391 |    281 |   2469 |   6328 |  10 | 1167.2 |
       Dungeon |  11672 |  11391 |    281 |   2469 |   6328 |  10 | 1167.2 |
               +--------+--------+--------+--------+--------+-----+--------+

Top non-repeatable levels by time:
     D:1: 1607 daAuts
     D:5: 1426 daAuts
     D:3: 1299 daAuts
     D:7: 1292 daAuts
     D:2: 1205 daAuts
     D:9: 1200 daAuts
     D:4: 1142 daAuts
     D:8: 1107 daAuts
     D:6: 1041 daAuts
    D:10: 347 daAuts
